 Dungeon Crawl Stone Soup version 0.24.1-14-gf8d2b509d9 (webtiles) character file.

Game seed: 2765404623258085262, levelgen mode: deterministic

347 Chancelot the Skirmisher (level 6, 0/40 HPs)
             Began as a Gargoyle Fighter on May 27, 2020.
             Was a Follower of Qazlal.
             Slain by a gnoll
             ... wielding a +0 halberd
              (9 damage)
             ... on level 3 of the Dungeon.
             The game lasted 00:15:52 (1993 turns).

Chancelot the Skirmisher (Gargoyle Fighter)         Turns: 1993, Time: 00:15:52

Health: 0/40       AC: 11    Str: 20    XL:     6   Next: 59%
Magic:  6/6        EV:  4    Int:  9    God:    Qazlal [*.....]
Gold:   81         SH:  0    Dex: 10    Spells: 5/5 levels left

rFire    . . .     SeeInvis .   a - +0 flail
rCold    . . .     Gourm    .   c - +0 shield
rNeg     + . .     Faith    .   b - +0 scale mail
rPois    ∞         Spirit   .   (no helmet)
rElec    +         Reflect  .   (no cloak)
rCorr    .         Harm     .   (no gloves)
MR       .....                  (no boots)
Stlth    ..........             (no amulet)
HPRegen  0.13/turn              (no ring)
MPRegen  0.10/turn              (no ring)

@: held
A: negative energy resistance 1, electricity resistance, unbreathing,
petrification resistance, rot immunity, AC +4
a: Renounce Religion


You were on level 3 of the Dungeon.
You worshipped Qazlal.
Qazlal was aware of your devotion.
You were not hungry.

You visited 1 branch of the dungeon, and saw 3 of its levels.
You also visited: Sewer.

You collected 81 gold pieces.

Inventory:

Hand Weapons
 a - a +0 flail (weapon)
 q - a +2 vampiric short sword
 r - a +2 antimagic dagger
Missiles
 e - 3 silver boomerangs (quivered)
Armour
 b - a +0 scale mail (worn)
 c - a +0 shield (worn)
 l - a +0 robe
Jewellery
 j - an uncursed ring of protection from cold {unknown}
 n - an uncursed ring of protection from magic {unknown}
Wands
 o - a wand of iceblast (9)
Scrolls
 i - 2 scrolls of identify {unknown}
 k - 3 scrolls of magic mapping
Potions
 d - a potion of might
 g - a potion of berserk rage {unknown}
 h - a potion of agility
 m - 3 potions of curing {unknown}
 s - 3 potions of flight {unknown}
 t - a potion of heal wounds {unknown}
Comestibles
 f - a ration


   Skills:
 + Level 4.8 Fighting
 + Level 4.0 Maces & Flails
 + Level 4.2 Armour
 + Level 1.0 Dodging
 + Level 0.1 Stealth
 + Level 4.7 Shields


You had 5 spell levels left.
You didn't know any spells.
Your spell library was empty.

Dungeon Overview and Level Annotations

Branches:
Dungeon (3/15)              Sewer (visited)

Altars:
Qazlal


Innate Abilities, Weirdness & Mutations

You are resistant to torment.
Your stone body is resilient. (AC +4)
You are immune to poison.
You resist negative energy. (rN+)
You are resistant to electric shocks. (rElec)
You can survive without breathing.
You are immune to petrification.
You are immune to rotting.


Message History

The bat closely misses you. The gnoll hits you but does no damage.
A gnoll comes into view. It is wielding a +0 halberd.
You block the gnoll's attack.
You hit the gnoll.
The gnoll is lightly wounded.
You block the bat's attack. The bat hits you.
* * * LOW HITPOINT WARNING * * *
The gnoll hits you with a +0 halberd.
* * * LOW HITPOINT WARNING * * *
The gnoll hits you but does no damage. The bat closely misses you.
The gnoll closely misses you. You block the bat's attack.
The bat hits you but does no damage. You block the bat's attack.
The gnoll throws a throwing net.
The throwing net hits you.
You become entangled in the net!
You see here a throwing net.
You tear a large gash into the net.
The bat hits you but does no damage. x3
You struggle against the net.
The bat hits you but does no damage.
The gnoll hits you from afar with a +0 halberd!
You die...

..........# ..........#
..........#########
..................#
.........########.#
......[..#<....##.#####
.........#####.##.#.)g#
+#..###### #.##.#g#
.#.###########.○@bg.#
.#.†.........)......#
.###############....#
.# #....# .# #..### .#
#... ## #.### #.#


You could see 2 gnolls and a bat.

Vanquished Creatures
  A big kobold (Sewer)
  A gnoll sergeant (D:3)
  Jessica (D:2)
  A gnoll (D:3)
  3 adders
  4 river rats
  4 worms (D:2)
  2 dart slugs (D:2)
  4 orcs (D:3)
  A ball python (D:3)
  7 bats
  5 giant cockroaches
  7 goblins
  8 hobgoblins
  15 jackals
  2 quokkas
  5 frilled lizards
  11 kobolds
  19 rats
101 creatures vanquished.

Notes
Turn   | Place    | Note
-------+----------+-------------------------------------------
     0 | D:1      | Chancelot the Gargoyle Fighter began the quest for the Orb.
     0 | D:1      | Reached XP level 1. HP: 14/14 MP: 1/1
   102 | D:1      | Reached XP level 2. HP: 12/19 MP: 2/2
   262 | D:1      | Reached XP level 3. HP: 11/23 MP: 3/3
   698 | D:2      | Reached XP level 4. HP: 23/28 MP: 4/4
   933 | D:2      | Found a stormy altar of Qazlal.
   937 | D:2      | Became a worshipper of Qazlal Stormbringer
  1126 | D:2      | Noticed Jessica
  1149 | D:2      | Killed Jessica
  1297 | D:2      | Reached XP level 5. HP: 30/33 MP: 5/5
  1745 | D:3      | Reached * piety under Qazlal
  1759 | D:3      | Found a glowing drain.
  1769 | Sewer    | Entered a sewer
  1826 | Sewer    | Noticed a big kobold
  1847 | Sewer    | Killed a big kobold
  1847 | Sewer    | Reached XP level 6. HP: 37/39 MP: 6/6
  1871 | Sewer    | Found a white marble altar of Elyvilon.
  1987 | D:3      | Reached skill level 1 in Dodging
  1993 | D:3      | Slain by a gnoll

Levels and vault maps discovered:
D:1:      sevenhm_arrival_forest_fort_small_3, layout_rooms, chequers_garden,
          roderic_nine_men_s_morris, hangedman_decor_slide_cut, st_stairs_8,
          minmay_tromino_v4_a
D:2:      layout_loops_ring, marbit_many_paths, minivault_24,
          minmay_misc_feat_columns, uniq_jessica
D:3:      layout_basic, portal_sewer_entry_e

Skill      XL: |  1  2  3  4  5  6 |
---------------+-------------------+-----
Shields        | 4 |  4.7
Maces & Flails | 3 4 |  4.0
Armour         | 4 |  4.2
Fighting       | 4 |  4.8
Dodging        | 1 |  1.0
Stealth        | |  0.1

Action                   |  1- 3 |  4- 6 || total
-------------------------+-------+-------++-------
Melee: Flail             |   138 |   275 ||   413
  Use: Scroll            |     1 |       ||     1
  Eat: Ration            |       |     1 ||     1
       Chunk             |       |     1 ||     1
Armor: Scale mail        |    88 |   161 ||   249
Dodge: Dodged            |    64 |    93 ||   157
Block: Shield            |   122 |   177 ||   299
